 Dungeon Crawl Stone Soup version 0.20.0-7-g3b7b877 (webtiles) character file.

23 MTVSty1e the Caller (level 2, -3/22 HPs)
             Began as a Mummy Summoner on May 29, 2017.
             Slain by a kobold
             ... wielding a +0 whip
              (5 damage)
             ... on level 1 of the Dungeon.
             The game lasted 00:03:42 (1381 turns).

MTVSty1e the Caller (Mummy Summoner)                Turns: 1381, Time: 00:03:43

Health: -3/22      AC:  2    Str: 11    XL:     2   Next: 72%
Magic:  5/5        EV: 12    Int: 14    God:
Gold:   6          SH:  0    Dex: 12    Spells: 5/6 levels left

rFire    x . .     SeeInvis .   e - +3 dagger (venom)
rCold    + . .     Gourm    .   (no shield)
rNeg     + + +     Faith    .   a - +0 robe
rPois    ∞         Spirit   .   (no helmet)
rElec    .         Reflect  .   (no cloak)
rCorr    .         Harm     .   (no gloves)
MR       .....                  (no boots)
Stlth    ++........             (no amulet)
Regen    0.1/turn               (no ring)
MPRegen  0.1/turn               (no ring)

@: no status effects
A: no food or potions, fire vulnerability, cold resistance 1, negative energy
resistance 3, torment resistance, unbreathing
a: no special abilities


You were on level 1 of the Dungeon.
You were not hungry.

You visited 1 branch of the dungeon, and saw 1 of its levels.

You collected 6 gold pieces.

Inventory:

Hand Weapons
 d - a +0 club
 e - a +3 dagger of venom (weapon)
Armour
 a - a +0 robe (worn)
Jewellery
 f - an uncursed amulet of the gourmand {unknown}
Scrolls
 c - 2 scrolls of amnesia {unknown}
 g - a scroll of teleportation {unknown}
Books
 b - a book of Callings

   Spells                             Type                      Level
   a - Summon Small Mammal            Summoning                    1
   b - Call Imp                       Summoning                    2
   c - Call Canine Familiar           Summoning                    3
   d - Summon Guardian Golem          Hexes/Summoning              3
   e - Summon Lightning Spire         Summoning/Air                4
   f - Summon Ice Beast               Ice/Summoning                4


   Skills:
 + Level 2.2 Fighting
 + Level 0.4 Short Blades
 - Level 1.5 Dodging
 - Level 1.5 Stealth
 - Level 2.6 Spellcasting
 - Level 3.2 Summonings


You had 5 spell levels left.
You knew the following spells:

 Your Spells              Type           Power        Failure   Level  Hunger
a - Summon Small Mammal   Summ           ##..         6%          1    N/A

Dungeon Overview and Level Annotations

Branches:
Dungeon (1/15)

Altars:


Innate Abilities, Weirdness & Mutations

You do not eat or drink.
Your flesh is vulnerable to fire.
You are immune to poison.
Your flesh is cold resistant. (rC+)
You are immune to negative energy. (rN+++)
You are immune to unholy pain and torment.
You can survive without breathing.


Message History

The giant cockroach bites you.
f - a large platinum amulet;
g - a scroll labeled JOFUWU UJAEH The giant cockroach bites you but does no damage.
The goblin closely misses you. The kobold hits you with a whip.
You hit the giant cockroach.
The giant cockroach is almost dead.
The giant cockroach barely misses you.
You hit the giant cockroach.
You kill the giant cockroach!
You hit the goblin.
You kill the goblin!
The kobold hits you with a whip!
* * * LOW HITPOINT WARNING * * *
Things that are here:
a dagger; a goblin corpse You barely miss the kobold.
The kobold hits you with a whip.
* * * LOW HITPOINT WARNING * * *
You closely miss the kobold. The kobold hits you with a whip.
You die...

#
####################.##.##
................@Kw....>..
.........#########.......#
########.# ....#.#.. #.#
#..#.# # #.. #..#... ####
#..##### ###### ....
.....# #### ####.#
###≈§≈§≈


You could see a dart slug and a kobold.

Vanquished Creatures
  2 dart slugs (D:1)
  A ball python (D:1)
  2 bats (D:1)
  A giant cockroach (D:1)
  5 goblins (D:1)
  A kobold (D:1)
  A rat (D:1)
13 creatures vanquished.

Vanquished Creatures (collateral kills)
  A dart slug (D:1)
  2 goblins (D:1)
  A kobold (D:1)
4 creatures vanquished.

Grand Total: 17 creatures vanquished

Notes
Turn   | Place    | Note
-------+----------+-------------------------------------------
     0 | D:1      | MTVSty1e the Mummy Summoner began the quest for the Orb.
     0 | D:1      | Reached XP level 1. HP: 13/13 MP: 4/4
   105 | D:1      | Reached skill level 1 in Fighting
   708 | D:1      | Reached XP level 2. HP: 6/22 MP: 0/5
  1381 | D:1      | Slain by a kobold

Skill      XL: |  1  2 |
---------------+-------+-----
Fighting       | 1 2 |  2.2
Short Blades   | |  0.4
Dodging        | |  1.5
Stealth        | |  1.5
Spellcasting   | |  2.6
Summonings     | |  3.2

Action                   || total
-------------------------++-------
Melee: Club              ||    27
       Unarmed           ||    13
       Dagger            ||    20
 Cast: Summon Small Mamm ||    14
 Stab: Sleeping          ||     1
Armor: Robe              ||    21
Dodge: Dodged            ||    45
